AoeStats
← Blazing Cartesia, The Virtuous

Arabia

510103813Analyzed
1v1 RM · 2d ago on Sep 29, 2026· 43m 28s· 2 players
Game mode
Random Map
Map size
Tiny (2 player)
Population
200
Speed
Normal
Resources
Standard
Victory
Conquest
Starting age
Dark Age
Ending age
Imperial Age
RankedLock teamsTeams togetherTeam positionsShared explorationLock speedFull tech treeHidden civsTurbo modeCheats
Victory
Defeat
🇸🇬 Mongols · Singapore
1270
+15
1246
-15
Blazing Cartesia, The Virtuous
6:00 Loom
9:27 Feudal Age
9:58 Double-Bit Axe
12:20 Forging
16:16 Domestication
20:41 Wheelbarrow
22:41 Gold Mining
24:59 Castle Age
24:15 Scale Barding Armor
25:53 Husbandry
26:32 Iron Casting
25:34 Light Cavalry
30:20 Stone Mining
32:31 Scale Mail Armor
34:24 Chain Barding Armor
34:20 Chain Mail Armor
35:04 Bow Saw
40:34 Imperial Age
39:56 Pastoralism
40:08 Lamellar Armor
40:40 Elite Liao Dao
40:45 Hussar
42:16 Conscription
Fingolfin
8:52 Feudal Age
9:29 Double-Bit Axe
9:53 Loom
10:02 Horse Collar
20:16 Castle Age
18:49 Scale Barding Armor
19:08 Gold Mining
21:34 Bow Saw
25:01 Forging
25:02 Husbandry
25:51 Wheelbarrow
27:16 Stone Mining
27:44 Bloodlines
30:30 Town Watch
36:01 Imperial Age
35:43 Gold Shaft Mining
36:49 Heavy Camel Rider
39:01 Drill
39:06 Conscription
38:20 Heavy Scorpion
38:44 Light Cavalry
40:09 Hussar
42:49 Hoardings
43:27 Chemistry
42:52 Masonry
Connection lost

Rejoining the realm…

Still unreachable

The connection could not be restored.

Session expired

The server has moved on; the page needs a fresh start.